 Dungeon Crawl Stone Soup version 0.31.0-12-g77e489cdc1 (webtiles) character file.

Game seed: 12621546330164566269

805 Curundu the Chopper (level 7, -7/93 HPs)
             Began as a Minotaur Berserker on Feb 19, 2024.
             Was a Priest of Trog.
             Killed by nerve-wracking pain
             ... invoked by a shadow imp
              (13 damage)
             ... on level 5 of the Dungeon.
             The game lasted 00:12:53 (3413 turns).

Curundu the Chopper (Minotaur Berserker)            Turns: 3413, Time: 00:12:53

Health: -7/93      AC:  9    Str: 23    XL:     7   Next: 60%
Magic:  6/6        EV:  9    Int:  4    God:    Trog [***...]
Gold:   240        SH:  4    Dex: 10    Spells: 6/6 levels left

rFire   . . .        o - +0 war axe
rCold   . . .        t - +0 buckler
rNeg    . . .        k - +0 chain mail
rPois   .            (helmet restricted)
rElec   .            (no cloak)
rCorr   .            (no gloves)
SInv    .            (no boots)
Will    .....        (no amulet) Stlth
                     (no ring)
HPRegen 0.35/turn    (no ring)
MPRegen 0.10/turn

%: no passive effects
@: berserking (expiring), very quick
A: horns 2, retaliatory headbutt
a: Renounce Religion, Berserk, Trog's Hand


You were on level 5 of the Dungeon.
You worshipped Trog.
Trog was most pleased with you.
You visited 1 branch of the dungeon, and saw 5 of its levels.

You collected 240 gold pieces.

Inventory:

Hand Weapons
 o - a +0 war axe (weapon)
Missiles
 n - 3 boomerangs (quivered)
 w - 4 silver javelins
Armour
 k - a +0 chain mail (worn)
 t - a +0 buckler (worn)
Wands
 u - a wand of flame (16)
Scrolls
 c - 9 scrolls of identify {unknown}
 d - a scroll of fog {unknown}
 g - 2 scrolls of noise {unknown}
 h - a scroll of amnesia {unknown}
 j - a scroll of enchant weapon {unknown}
 l - a scroll of butterflies {unknown}
 m - a scroll of brand weapon {unknown}
 p - a scroll of teleportation {unknown}
 q - a scroll of immolation
 v - a scroll of torment {unknown}
Potions
 a - a potion of enlightenment {unknown}
 b - a potion of brilliance {unknown}
 e - 5 potions of curing {unknown}
 f - 4 potions of lignification {unknown}
 i - a potion of ambrosia {unknown}
 r - a potion of degeneration {unknown}
 s - 2 potions of invisibility {unknown}


   Skills:
 * Level 5.9 Fighting
 + Level 7.2 Axes
 * Level 4.4 Armour
 * Level 4.4 Dodging
 - Level 0.5 Stealth
 * Level 1.7 Shields
 * Level 1.1 Evocations


You had 6 spell levels left.
You didn't know any spells.
Your spell library was empty.

Dungeon Overview and Level Annotations

Branches:
Dungeon (5/15)
 Temple: D:4-7

Altars:


Innate Abilities, Weirdness & Mutations

You have a pair of horns on your head.
You reflexively headbutt those who attack you in melee.


Message History

Ouch! That really hurt!
An orc comes into view. It is wielding a +0 dagger.
The orc shouts!
Something shouts, "Leave, thou droning rump-fed bovine!"
You barely miss the ogre.
The ogre is severely wounded.
A shadow imp comes into view.
The ogre hits you with a +0 giant club!
* * * LOW HITPOINT WARNING * * *
A red film seems to cover your vision as you go berserk!
You feel yourself moving faster!
You feel mighty! The ogre hits you but does no damage.
You slice the ogre!!
You kill the ogre!
Trog accepts your kill.
A scorpion comes into view.
An orc comes into view.
It is wielding a +0 hand axe of freezing.
The orc shouts!
Things that are here:
a +0 giant club; 5 stones You feel a strong urge to attack something.
You hit the orc. You headbutt the orc.
You kill the orc!
Trog accepts your kill.
You barely miss the shadow imp. Your headbutt misses the shadow imp.
The shadow imp hits you.
* * * LOW HITPOINT WARNING * * *
You closely miss the shadow imp. The shadow imp hits you.
* * * LOW HITPOINT WARNING * * *
You closely miss the shadow imp. The shadow imp gestures at you.
Pain shoots through your body!
* * * LOW HITPOINT WARNING * * *
You slash the shadow imp!
The shadow imp is severely wounded.
You barely miss the shadow imp.
The shadow imp is severely wounded.
The shadow imp gestures at you. Pain shoots through your body!
You die...

#######
.##...<.#############.
..............)@5s.....
..##.....########o.....
####### ..... .... ...
.. #


You could see a scorpion, a shadow imp and an orc.

Vanquished Creatures
  Sigmund (D:3)
  The ghost of rozman the Ruffian, an amateur TrFi (D:3)
  Eustachio (D:4)
  An ogre (D:5)
  2 hounds (D:4)
  An iguana (D:4)
  An orc wizard (D:4)
  Robin (D:3)
  3 adders
  2 ribbon worms (D:2)
  2 dart slugs
  10 orcs
  9 endoplasms
  10 goblins
  13 hobgoblins
  5 quokkas
  6 ball pythons
  5 bats
  5 frilled lizards
  13 kobolds
  2 rats
94 creatures vanquished.

Notes
Turn   | Place    | Note
-------+----------+-------------------------------------------
     0 | D:1      | Curundu the Minotaur Berserker began the quest for the Orb.
     0 | D:1      | Reached XP level 1. HP: 19/19 MP: 0/0
   279 | D:1      | Reached XP level 2. HP: 26/27 MP: 1/1
   392 | D:1      | Reached skill level 4 in Axes
   553 | D:2      | Reached XP level 3. HP: 29/34 MP: 2/2
   556 | D:2      | Reached ** piety under Trog
  1598 | D:3      | Reached XP level 4. HP: 41/41 MP: 3/3
  1716 | D:3      | Found a runed translucent door.
  1717 | D:3      | Noticed rozman's ghost (amateur TrFi)
  1736 | D:3      | Killed rozman's ghost
  1737 | D:3      | Reached skill level 5 in Fighting
  1737 | D:3      | Reached skill level 5 in Axes
  1737 | D:3      | Reached XP level 5. HP: 48/48 MP: 4/4
  1843 | D:3      | Noticed Sigmund
  1853 | D:3      | Killed Sigmund
  1854 | D:3      | Reached skill level 6 in Axes
  1854 | D:3      | Reached XP level 6. HP: 56/56 MP: 5/5
  2018 | D:3      | Found a faded altar of an unknown god.
  2022 | D:3      | Noticed Robin
  2038 | D:3      | Killed Robin
  2401 | D:4      | Noticed Eustachio
  2415 | D:4      | Killed Eustachio
  2416 | D:4      | Reached XP level 7. HP: 61/62 MP: 6/6
  2443 | D:4      | Reached skill level 1 in Shields
  2452 | D:4      | Reached skill level 7 in Axes
  2590 | D:4      | Reached *** piety under Trog
  3235 | D:4      | Reached skill level 1 in Evocations
  3393 | D:5      | Entered Level 5 of the Dungeon
  3413 | D:5      | Killed from afar by a shadow imp

Illustrated notes

Levels and vault maps discovered:
D:1:      tarquinn_simple_flora_water_a, layout_rooms
D:2:      layout_basic
D:3:      layout_basic, hellmonk_ecumenical_altar_blasted,
          gammafunk_ghost_grave, uniq_robin, uniq_sigmund
D:4:      layout_basic, chequers_big_river, dk_noncrumbling_3, uniq_eustachio
D:5:      layout_rooms, nemelex_spade_bored_becter, nicolae_ru_awakened_eye,
          minmay_temple_entry_proselytizer, uniq_edmund, uniq_crazy_yiuf_cottage

Skill      XL: |  1  2  3  4  5  6  7 |
---------------+----------------------+-----
Fighting       | 4 5 |  5.9
Axes           | 4 5 6 7 |  7.2
Dodging        | 3 4 |  4.4
Armour         | 3 4 |  4.4
Shields        | 1 |  1.7
Evocations     | 1 |  1.1
Stealth        | |  0.5

Action                     |  1- 3 |  4- 6 |  7- 9 || total
---------------------------+-------+-------+-------++-------
  Melee: Hand axe          |    79 |     7 |       ||    86
         Headbutt          |     7 |     7 |     9 ||    23
         War axe           |       |    58 |    50 ||   108
 Invoke: Berserk           |     1 |     1 |     1 ||     3
         Trog's Hand       |       |     3 |     1 ||     4
 Armour: Animal skin       |    49 |       |       ||    49
         Chain mail        |     5 |    45 |    28 ||    78
         Skin              |     3 |       |       ||     3
  Dodge: Dodged            |    63 |    35 |    13 ||   111
  Block: Buckler           |       |     3 |     7 ||    10
